 Dungeon Crawl Stone Soup version 0.29-a0-542-g075992c915 (webtiles) character file.

Game seed: 7375744822668512336

3686 IdlyInterested the Covert (level 10, -4/56 HPs)
             Began as a Gargoyle Fighter on June 3, 2022.
             Slain by an orc warrior
             ... wielding a +0 short sword
              (5 damage)
             ... on level 7 of the Dungeon.
             The game lasted 00:21:10 (6170 turns).

IdlyInterested the Covert (Gargoyle Fighter)        Turns: 6170, Time: 00:21:10

Health: -4/56      AC: 17    Str: 17 (20) XL:     10   Next: 13%
Magic:  28/28      EV: 12    Int: 12 (13) God:
Gold:   360        SH:  6    Dex: 13 (16) Spells: 9/9 levels left

rFire   + . .      SeeInvis .   d - +2 short sword (venom)
rCold   + . .      Faith    .   c - +1 buckler
rNeg    + + .      Spirit   .   m - +3 ring mail "Hagubli" {MP+9 Dex+3}
rPois   ∞          Reflect  .   (no helmet)
rElec   +          Harm     .   n - scarf {rC+ rF+}
rCorr   .          Rampage  .   (no gloves)
Will    .....                   j - +0 pair of boots
Stlth   +++++.....              (no amulet)
HPRegen 0.18/turn               p - ring of magical power
MPRegen 0.21/turn               t - ring of Relarek {rN+ Int+4 Stlth+}

@: no status effects
A: sickness immunity, AC +7, negative energy resistance 1, electricity
resistance, torment resistance 1, petrification resistance
a: no special abilities


You were on level 7 of the Dungeon.
You visited 1 branch of the dungeon, and saw 7 of its levels.

You collected 360 gold pieces.

Inventory:

Hand Weapons
 b - a +1 dagger of electrocution
 d - a +2 short sword of venom (weapon)
 k - a +5 scimitar
 x - a +3 dagger
 A - a +3 scimitar of freezing
Missiles
 h - 95 stones
 u - 5 poisoned darts
 v - 12 boomerangs (quivered)
Armour
 c - a +1 buckler (worn)
 j - a +0 pair of boots (worn)
 m - the +3 ring mail "Hagubli" (worn) {MP+9 Dex+3}
   (You found it on level 2 of the Dungeon)

   Dex:       It affects your dexterity (+3).
   MP:        It affects your magic capacity (+9).
 n - a scarf of resistance (worn)
 y - +0 acid dragon scales
 C - the +0 robe of the Vacuum {rF+ Regen+}
   (You found it on level 6 of the Dungeon)

   rF:        It protects you from fire.
   Regen:     It increases your rate of health regeneration.
Magical Staves
 e - a staff of air
 l - a staff of death
 o - a staff of fire
Jewellery
 i - a ring of fire
 p - a ring of magical power (left hand)
 t - the ring of Relarek (right hand) {rN+ Int+4 Stlth+}
   (You found it on level 5 of the Dungeon)

   [ring of positive energy]

   Int:       It affects your intelligence (+4).
   rN:        It protects you from negative energy.
   Stlth:     It makes you more stealthy.
Wands
 s - a wand of flame (67)
Scrolls
 f - 2 scrolls of fog
 w - a scroll of teleportation
Potions
 q - 3 potions of curing
 r - a potion of cancellation
 B - a potion of haste


   Skills:
 + Level 3.9 Fighting
 * Level 7.8 Short Blades
 - Level 4.0 Armour
 + Level 5.9 Dodging
 * Level 9.9 Stealth
 - Level 4.0 Shields


You had 9 spell levels left.
You didn't know any spells.
Your spell library contained the following spells:

 Spells                   Type           Power      Damage    Failure   Level
 Foxfire                  Conj/Fire      0%         2x1d4     58%         1
 Necrotize                Necr           0%         1d4       58%         1
 Sting                    Tmut/Pois      0%         1d3       58%         1
 Poisonous Vapours        Pois/Air       0%         N/A       75%         2
 Conjure Flame            Conj/Fire      0%         6-21      92%         3
 Inner Flame              Hex/Fire       0%         N/A       92%         3
 Ozocubu's Armour         Ice            0%         N/A       92%         3
 Vampiric Draining        Necr           0%         2d6       92%         3
 Flame Wave               Conj/Fire      0%         2d4       100%        4
 Olgreb's Toxic Radiance  Pois           0%         N/A       100%        4
 Agony                    Necr           0%         N/A       100%        5
 Ozocubu's Refrigeration  Ice            0%         4d5       100%        7


Dungeon Overview and Level Annotations

Branches:
Dungeon (7/15)
 Temple: D:4-7

Altars:
Fedhas
Gozag
Makhleb
Ru
Sif Muna
Uskayaw
Wu Jian
Yredelemnul
Zin
The Shining One

Shops:
D:5 *


Innate Abilities, Weirdness & Mutations

You are immune to sickness and miasma.
Your stone body is resilient. (AC +7)
You are immune to poison.
You resist negative energy. (rN+)
You are resistant to electric shocks. (rElec)
You are resistant to unholy torment.
You are immune to petrification.


Message History

You hit the orc priest.
The orc priest is moderately wounded.
The orc misses you. The orc warrior closely misses you.
You block the orc's attack. The orc priest closely misses you.
The orc closely misses you. You block the orc priest's attack.
You completely miss the orc priest.
The orc priest is moderately wounded.
You kill the orc priest!
You block the orc's attack. The orc hits you with a +0 club.
The orc priest completely misses you. The orc hits you with a +0 hand axe.
The orc warrior hits you with a +0 short sword.
You barely miss the orc priest.
The orc priest is moderately wounded.
The orc hits you but does no damage. x2; The orc priest closely misses you.
The orc hits you but does no damage.
The orc warrior hits you with a +0 short sword!
You barely miss the orc priest.
The orc priest is moderately wounded.
You hit the orc priest.
The orc priest is poisoned.
The orc priest is moderately wounded.
The orc hits you from afar with a +0 trident.
* * * LOW HITPOINT WARNING * * *
The orc warrior hits you but does no damage.
You block the orc's attack.
The orc priest hits you with a +0 falchion.
* * * LOW HITPOINT WARNING * * *
The orc hits you but does no damage.
You hit the orc priest.
The orc priest is severely wounded.
The orc warrior hits you with a +0 short sword.
* * * LOW HITPOINT WARNING * * *
The orc hits you from afar with a +0 trident.
* * * LOW HITPOINT WARNING * * *
The orc completely misses you.
The orc priest begins to cast a cantrip, but forgets the words!
The orc closely misses you.
The orc priest attacks as you move away!
You block the orc priest's attack. The orc hits you but does no damage. x2
The orc warrior hits you with a +0 short sword.
You die...

..........##
...........##
#######.....# #.
#####.## ..# ##.##
#..# #..#######
#..# ##.......##..#
#..†.oo)o)..# #
#..#..@o###).# ..#
#..###..o..#..#....
#..# ###.>..#.o....
...# ##..........
.#. ##......... #
###...#... #..##..
##.# .#


You could see an orc warrior, an orc priest (very poisoned) and 3 orcs.

Vanquished Creatures
  A boulder beetle (D:6)
  Maggie (D:6)
  Prince Ribbit (D:6)
  Eustachio (D:5)
  Menkaure (D:4)
  An ice beast (D:6)
  3 black bears
  A centaur (D:6)
  An ogre (D:7)
  A phantom (D:6)
  2 bullfrogs (D:6)
  5 scorpions
  14 wights (D:6)
  3 orc priests
  7 hounds
  A jelly (D:3)
  3 iguanas
  2 orc wizards (D:6)
  3 gnolls (D:4)
  3 adders
  A shadow imp (D:5)
  3 ufetubi
  A worm (D:5)
  4 dart slugs
  12 orcs
  3 endoplasms
  6 giant cockroaches
  10 hobgoblins
  5 quokkas
  7 ball pythons
  4 bats
  4 frilled lizards
  11 goblins
  6 kobolds
  4 rats
136 creatures vanquished.

Notes
Turn   | Place    | Note
-------+----------+-------------------------------------------
     0 | D:1      | IdlyInterested the Gargoyle Fighter began the quest for the
                  | Orb.
     0 | D:1      | Reached XP level 1. HP: 14/14 MP: 1/1
   184 | D:1      | Reached XP level 2. HP: 12/19 MP: 2/2
   306 | D:1      | Reached skill level 1 in Stealth
   853 | D:1      | Reached skill level 1 in Dodging
  1023 | D:1      | Reached XP level 3. HP: 23/23 MP: 3/3
  1332 | D:2      | Identified the +3 ring mail "Hagubli" {MP+9 Dex+3}
  1430 | D:2      | Reached skill level 2 in Stealth
  1773 | D:3      | Reached XP level 4. HP: 28/28 MP: 4/4
  2033 | D:3      | Reached XP level 5. HP: 32/32 MP: 5/5
  2071 | D:3      | Reached skill level 3 in Stealth
  2475 | D:4      | Noticed Menkaure
  2484 | D:4      | Killed Menkaure
  2485 | D:4      | Reached skill level 4 in Stealth
  2485 | D:4      | Reached XP level 6. HP: 27/37 MP: 6/6
  2617 | D:4      | Noticed a black bear
  2632 | D:4      | Killed a black bear
  2866 | D:4      | Found a shimmering blue altar of Sif Muna.
  3008 | D:4      | Reached XP level 7. HP: 38/41 MP: 7/7
  3349 | D:5      | Entered Level 5 of the Dungeon
  3387 | D:5      | Reached skill level 5 in Stealth
  3387 | D:5      | Noticed Eustachio
  3415 | D:5      | HP: 1/41 [iguana (11)]
  3439 | D:5      | Killed Eustachio
  3440 | D:5      | Reached XP level 8. HP: 31/46 MP: 8/8
  3448 | D:5      | Reached skill level 5 in Short Blades
  3551 | D:5      | Found Xotiheh's General Store.
  3592 | D:5      | Identified the ring of Relarek {rN+ Int+4 Stlth+}
  3786 | D:5      | Reached skill level 6 in Stealth
  4062 | D:5      | Found an ornate altar of the Wu Jian Council.
  4068 | D:5      | Found a sacrificial altar of Ru.
  4069 | D:5      | Found a hide-covered altar of Uskayaw.
  4100 | D:5      | Found an opulent altar of Gozag.
  4105 | D:5      | Found a glowing silver altar of Zin.
  4388 | D:6      | Reached skill level 7 in Stealth
  4405 | D:6      | Reached skill level 5 in Dodging
  4826 | D:6      | Noticed Maggie
  4832 | D:6      | Reached XP level 9. HP: 49/51 MP: 9/9
  4901 | D:6      | Killed Maggie
  4902 | D:6      | Reached skill level 8 in Stealth
  5317 | D:6      | Noticed a boulder beetle
  5332 | D:6      | Killed a boulder beetle
  5333 | D:6      | Reached skill level 9 in Stealth
  5675 | D:6      | Reached XP level 10. HP: 56/56 MP: 10/10
  5753 | D:6      | Noticed Prince Ribbit
  5781 | D:6      | Killed Prince Ribbit
  5870 | D:6      | Found a glowing golden altar of the Shining One.
  5895 | D:6      | Found a blossoming altar of Fedhas.
  5898 | D:6      | Identified the +0 robe of the Vacuum {rF+ Regen+}
  5928 | D:6      | Found a burning altar of Makhleb.
  6012 | D:7      | Found a basalt altar of Yredelemnul.
  6169 | D:7      | HP: 1/56 [orc/+0 trident (6)]
  6170 | D:7      | Slain by an orc warrior

Illustrated notes

Levels and vault maps discovered:
D:1:      dpeg_arrival_round_a, layout_basic, kennysheep_pointless_box
D:2:      layout_basic
D:3:      kennysheep_the_goblin_king, layout_basic, st_stairs_13
D:4:      layout_cave_pools, mainiacjoe_overflow_alcove_2, nrook_uturn,
          uniq_menkaure
D:5:      layout_loops_ring, grunt_temple_overflow_gold_and_silver,
          grunt_temple_overflow_open, serial_shops, nicolae_square_shop,
          chequers_serial_rivers_micro_d, uniq_eustachio
D:6:      nicolae_cairo_tiling_large_dashed, layout_cave_pools,
          mainiacjoe_overflow_alcove_4, mainiacjoe_overflow_two_lobes,
          uniq_prince_ribbit1, uniq_maggie
D:7:      layout_cave_pods, lemuel_doored_altar, mainiacjoe_overflow_catwalk,
          temple_pool_b, uniq_joseph

Skill      XL: |  1  2  3  4  5  6  7  8  9 |
---------------+----------------------------+-----
Short Blades   | 2 3 4 6 7 |  7.8
Stealth        | 1 2 4 5 7 9 |  9.9
Dodging        | 1 2 3 4 5 |  5.9
Shields        | 4 |  4.0
Armour         | 4 |  4.0
Fighting       | |  3.9

Action                   |  1- 3 |  4- 6 |  7- 9 | 10-12 || total
-------------------------+-------+-------+-------+-------++-------
Melee: Rapier            |    93 |       |       |       ||    93
       Dagger            |    22 |   121 |   123 |     2 ||   268
       Short sword       |       |       |   255 |    50 ||   305
Throw: Stone             |       |     1 |       |       ||     1
       Boomerang         |       |       |     1 |       ||     1
Evoke: Wand              |       |       |     1 |       ||     1
  Use: Scroll            |     7 |     1 |     3 |     1 ||    12
       Potion            |     1 |     2 |     9 |     2 ||    14
 Stab: Sleeping          |     1 |     1 |     2 |       ||     4
       Distracted        |       |       |     1 |       ||     1
Armor: Scale mail        |    35 |       |       |       ||    35
       Ring mail         |     9 |    52 |   152 |    20 ||   233
Dodge: Dodged            |    44 |    70 |   190 |    36 ||   340
Block: Buckler           |    13 |    31 |   109 |    16 ||   169

Table legend: (Time is in decaauts)
 A = Elapsed time spent in this place.
 B = Non-inter-level travel time spent in this place.
 C = Inter-level travel time spent in this place.
 D = Time resting spent in this place.
 E = Time spent auto-exploring this place.
 F = Levels seen in this place.
 G = Mean time per level.
                   A        B        C        D        E       F      G
               +--------+--------+--------+--------+--------+-----+--------+
         Total |   6071 |   5936 |    135 |   1068 |   3386 |   7 |  867.3 |
       Dungeon |   6071 |   5936 |    135 |   1068 |   3386 |   7 |  867.3 |
               +--------+--------+--------+--------+--------+-----+--------+

Top non-repeatable levels by time:
     D:6: 1767 daAuts
     D:1: 1190 daAuts
     D:4: 847 daAuts
     D:5: 801 daAuts
     D:3: 709 daAuts
     D:2: 582 daAuts
     D:7: 171 daAuts
